 Dungeon Crawl Stone Soup version 0.26.0-18-gc5c842f807 (webtiles) character file.

Game seed: 13589364191386589573

618 kreisler the Covert (level 7, 0/46 HPs)
             Began as an Octopode Brigand on Jan 22, 2021.
             Was an Initiate of Okawaru.
             Slain by a gnoll
             ... wielding a +2 vorpal flail
              (2 damage)
             ... on level 4 of the Dungeon.
             The game lasted 00:25:27 (4901 turns).

kreisler the Covert (Octopode Brigand)              Turns: 4901, Time: 00:25:28

Health: 0/46       AC:  1    Str: 11    XL:     7   Next: 45%
Magic:  7/7        EV: 14    Int: 13    God:    Okawaru [......]
Gold:   160        SH:  0    Dex: 15    Spells: 6/6 levels left

rFire    . . .     SeeInvis .   i - +4 dagger
rCold    . . .     Faith    .   (no shield)
rNeg     . . .     Spirit   .   (helmet restricted)
rPois    .         Reflect  .   (no amulet)
rElec    .         Harm     .   (no ring)
rCorr    .         Rampage  .   (no ring)
Will     .....                  (no ring)
Stlth    +++++.....             (no ring)
HPRegen  0.15/turn              (no ring)
MPRegen  0.10/turn              (no ring)
                                (no ring)
                                (no ring)

@: lethally poisoned (0 -> -13)
A: almost no armour, stealthy swim, amphibious, 8 rings, constrict 8, camouflage
1, gelatinous body 1
a: Renounce Religion


You were on level 4 of the Dungeon.
You worshipped Okawaru.
Okawaru was noncommittal.
You visited 1 branch of the dungeon, and saw 4 of its levels.

You collected 160 gold pieces.

Inventory:

Hand Weapons
 a - a +2 dagger
 i - a +4 dagger (weapon)
 p - a +3 quarterstaff of chaos
Missiles
 b - 14 poisoned darts (quivered)
 c - 2 curare-tipped darts
Armour
 h - a +0 cloak
Jewellery
 m - an uncursed ring of stealth {unknown}
Scrolls
 d - 2 scrolls of magic mapping
 j - 8 scrolls of identify
 k - a scroll of teleportation
Potions
 e - a potion of haste
 f - 2 potions of curing
 g - a potion of ambrosia {unknown}
 l - a potion of brilliance


   Skills:
 + Level 3.0 Fighting
 + Level 4.1 Short Blades
 + Level 4.4 Throwing
 + Level 2.1 Dodging
 + Level 8.5 Stealth


You had 6 spell levels left.
You didn't know any spells.
Your spell library contained the following spells:

 Spells                   Type           Power        Failure   Level
 Confusing Touch          Hex            0%           67%         3
 Gell's Gravitas          Tloc           0%           67%         3
 Petrify                  Tmut/Erth      0%           97%         4
 Metabolic Englaciation   Hex/Ice        0%           100%        5
 Yara's Violent Unravell  Hex/Tmut       0%           100%        5


Dungeon Overview and Level Annotations

Branches:
Dungeon (4/15)
 Temple: D:4-7

Altars:
Okawaru

Annotations:
D:4 Eustachio


Innate Abilities, Weirdness & Mutations

You cannot wear most types of armour.
You are very stealthy in the water. (Stealth+)
You are amphibious.
You can wear up to eight rings at the same time.
You can use your tentacles to constrict eight enemies at once.
Your skin changes colour to match your surroundings (Stealth+).
Your rubbery body absorbs attacks. (AC +1, EV +1)


Message History

Eustachio casts a spell.
Eustachio struggles to blink free from constriction.
You hit Eustachio but do no damage.
Eustachio is moderately wounded.
You constrict Eustachio. You constrict the gnoll.
You feel sick. The gnoll hits you with a +0 whip!
* * * LOW HITPOINT WARNING * * *
The gnoll completely misses you.
Eustachio hits you with a +3 rapier of venom.
* * * LOW HITPOINT WARNING * * *
You are lethally poisoned!
You hit Eustachio. You squeeze Eustachio!
Eustachio is heavily wounded.
You constrict Eustachio. You constrict the gnoll.
* * * LOW HITPOINT WARNING * * *
You feel sick.
Eustachio looks more healthy.
The gnoll hits you but does no damage.
The gnoll hits you with a +2 vorpal flail.
* * * LOW HITPOINT WARNING * * *
You die...

#...........#.#
#........?..#.#
#...........#.# #####
#........####.### ....#
#........# #....# ###.#
#........# #....# ##
########.###....#########
....
..................).>...
.###
#.#####@###........#####
.# #.g@g.#........# ...
#<..r..#........# #...
#......##+##....# ..
#.=....##.#######
#.......#.#######
#......##.#.....#
#......##.#.###.# #.
#.#.# #.#


You could see Eustachio, 2 gnolls and a quokka (summoned).

Vanquished Creatures
  Sigmund (D:3)
  2 orc priests
  4 orc wizards (D:3)
  Crazy Yiuf (D:2)
  Robin (D:2)
  6 adders
  5 gnolls
  An ooze (D:3)
  4 worms
  3 dart slugs
  2 leopard geckos
  14 orcs
  3 giant cockroaches (D:1)
  19 goblins
  15 hobgoblins
  9 jackals
  2 quokkas
  A ball python (D:3)
  11 bats
  4 frilled lizards
  9 kobolds
  5 rats
122 creatures vanquished.

Notes
Turn   | Place    | Note
-------+----------+-------------------------------------------
     0 | D:1      | kreisler the Octopode Brigand began the quest for the Orb.
     0 | D:1      | Reached XP level 1. HP: 14/14 MP: 1/1
   104 | D:1      | Reached XP level 2. HP: 19/19 MP: 2/2
   121 | D:1      | Reached skill level 6 in Stealth
   196 | D:1      | Reached XP level 3. HP: 5/24 MP: 3/3
   209 | D:1      | HP: 1/24 [leopard gecko (1)]
   859 | D:2      | Reached XP level 4. HP: 16/29 MP: 4/4
  1373 | D:2      | Reached skill level 7 in Stealth
  1679 | D:2      | Noticed Robin
  1681 | D:2      | Reached XP level 5. HP: 28/34 MP: 5/5
  1700 | D:2      | Killed Robin
  2456 | D:2      | Found a runed translucent door.
  2457 | D:2      | Noticed Crazy Yiuf
  2466 | D:2      | Killed Crazy Yiuf
  2755 | D:3      | Reached XP level 6. HP: 37/41 MP: 6/6
  3198 | D:3      | Reached skill level 8 in Stealth
  3455 | D:3      | Noticed Sigmund
  3466 | D:3      | Killed Sigmund
  3467 | D:3      | Reached XP level 7. HP: 37/45 MP: 7/7
  4465 | D:3      | Found an iron altar of Okawaru.
  4502 | D:3      | Became a worshipper of Warmaster Okawaru
  4890 | D:4      | Noticed Eustachio
  4901 | D:4      | HP: 2/46 [gnoll/+2 vorpal flail (4)]
  4901 | D:4      | Slain by a gnoll

Illustrated notes

Levels and vault maps discovered:
D:1:      sevenhm_arrival_forest_fort_small_4, layout_rooms
D:2:      minmay_general_purpose_star, layout_basic, uniq_crazy_yiuf_cottage,
          uniq_robin
D:3:      layout_basic, chequers_avenue, st_stairs_1, okawaru_altar_gauntlet_db,
          uniq_sigmund
D:4:      layout_basic, ebering_ghost_sewer_d, lightli_corner_chamber,
          uniq_eustachio

Skill      XL: |  1  2  3  4  5  6  7 |
---------------+----------------------+-----
Stealth        | 6 7 8 |  8.5
Short Blades   | 3 4 |  4.1
Throwing       | 3 4 |  4.4
Dodging        | 2 |  2.1
Fighting       | 3 |  3.0

Action                   |  1- 3 |  4- 6 |  7- 9 || total
-------------------------+-------+-------+-------++-------
Melee: Dagger            |    43 |   125 |    61 ||   229
       Constrict         |     8 |    32 |    15 ||    55
       Tentacles         |     7 |    25 |    13 ||    45
Throw: Dart              |    16 |    43 |    14 ||    73
  Use: Scroll            |     5 |     2 |     1 ||     8
       Potion            |     2 |     3 |     1 ||     6
 Stab: Sleeping          |     8 |     9 |     1 ||    18
       Distracted        |       |     1 |     1 ||     2
Armor: Skin              |     2 |     2 |     3 ||     7
Dodge: Dodged            |    28 |    61 |    35 ||   124
